Map: Ever Dream LE

Players

TLHarstem (Harstem)

  • Race: Protoss Protoss
  • League: Master
  • Spawn Location: 1:00

Geralt (Gerald) - Winner!

  • Race: Protoss Protoss
  • League: Grandmaster
  • Spawn Location: 7:00

Event: DreamHack SC2 Masters 2020 Fall

VOD

Have the link to the VOD?

Description

Time

  • Played on: Sept. 5, 2020, 11:57 a.m.
  • Length: 18:12

All games in this series

Show
View Real Time Build Order
Export as new Build Order

TLHarstem Protoss 

Build Orders: Oracle Opening, Zealot Archon 

Get SALT Encoding   

  12  0:00  Probe  
  13  0:12  Probe  
  14  0:17  Pylon  
  14  0:24  Probe (Chrono Boost)  
  15  0:36  Gateway, Probe (Chrono Boost)  
  16  0:44  Probe (Chrono Boost)  
  16  0:47  Assimilator  
  17  0:51  Probe  
  17  0:54  Assimilator  
  18  1:03  Probe (Chrono Boost)  
  19  1:07  Gateway  
  19  1:13  Probe (Chrono Boost)  
  19  1:18  Probe (Chrono Boost)  
  20  1:23  Cybernetics Core  
  21  1:31  Probe  
  22  1:37  Pylon  
  22  1:43  Probe  
  23  2:00  Stargate, Stalker  
  26  2:07  Warp Gate  
  27  2:10  Probe  
  27  2:15  Stalker  
  28  2:22  Probe  
  29  2:24  Pylon  
  31  2:40  Oracle (Chrono Boost)  
  31  3:01  Nexus, Probe  
  32  3:13  Probe  
  32  3:15  Pylon  
  32  3:18  Shield Battery  
  33  3:25  Probe (Chrono Boost)  
  34  3:28  Twilight Council  
  35  3:35  Probe (Chrono Boost)  
  35  3:40  Probe (Chrono Boost)  
  36  3:51  Probe  
  36  3:55  Sentry, Stalker  
  41  3:57  Shield Battery  
  41  4:03  Probe  
  41  4:07  Blink (Chrono Boost)  
  42  4:15  Probe  
  42  4:16  Probe, Pylon  
  44  4:21  Stalker  
  46  4:25  Stalker  
  46  4:28  Probe  
  46  4:30  Probe  
  50  4:40  Probe  
  50  4:42  Forge, Probe (Chrono Boost)  
  52  4:52  Sentry  
  55  4:53  Pylon  
  55  4:54  Probe (Chrono Boost)  
  55  4:57  Stalker  
  55  4:58  Probe (Chrono Boost)  
  58  5:03  Probe (Chrono Boost)  
  58  5:06  Probe (Chrono Boost)  
  60  5:08  Probe  
  61  5:16  Probe  
  61  5:20  Probe  
  61  5:21  Assimilator, Stalker  
  61  5:22  Protoss Ground Weapons Level 1 (Chrono Boost)  
  63  5:28  Probe  
  63  5:32  Probe  
  64  5:41  Probe  
  64  5:42  Stalker  
  67  5:44  Probe  
  67  5:49  Stalker  
  70  5:56  Probe (Chrono Boost)  
  68  5:57  Probe (Chrono Boost)  
  68  6:01  Charge (Chrono Boost)  
  67  6:05  Nexus  
  67  6:06  Probe (Chrono Boost)  
  67  6:08  Probe (Chrono Boost)  
  67  6:11  Probe (Chrono Boost)  
  69  6:17  Probe  
  70  6:22  Gateway  
  70  6:23  Robotics Facility, Pylon  
  70  6:25  Gateway  
  70  6:28  Pylon  
  70  6:36  Pylon  
  70  6:39  Gateway  
  70  6:41  Probe x2  
  70  6:42  Gateway  
  72  6:53  Probe x2  
  74  6:58  Gateway  
  74  7:00  Templar Archives  
  74  7:02  Gateway  
  74  7:05  Probe x2  
  74  7:07  Shield Battery  
  76  7:10  Pylon  
  76  7:13  Phoenix  
  76  7:16  Immortal (Chrono Boost)  
  76  7:17  Probe x2  
  76  7:21  Probe  
  80  7:27  Protoss Ground Weapons Level 2  
  80  7:29  Probe  
  81  7:31  Probe  
  81  7:35  Zealot x2  
  86  7:40  Zealot x2  
  86  7:42  Probe  
  91  7:48  High Templar x2  
  91  7:49  Probe (Chrono Boost)  
  96  7:52  Probe (Chrono Boost)  
  96  7:53  Archon  
  96  7:54  Zealot  
  96  7:57  Probe (Chrono Boost)  
  99  8:01  Probe (Chrono Boost)  
  99  8:04  Probe (Chrono Boost)  
  101  8:07  Assimilator, Probe (Chrono Boost), Phoenix  
  101  8:09  Assimilator, Probe (Chrono Boost), Photon Cannon  
  101  8:10  Probe (Chrono Boost)  
  101  8:11  Assimilator  
  101  8:12  Probe (Chrono Boost)  
  103  8:15  Probe  
  103  8:17  Immortal (Chrono Boost)  
  103  8:18  Probe  
  106  8:23  Probe  
  106  8:25  Pylon  
  111  8:27  Probe  
  111  8:29  Pylon  
  111  8:32  Photon Cannon  
  112  8:36  High Templar  
  112  8:37  High Templar  
  112  8:39  Pylon  
  112  8:40  Probe  
  117  8:42  Pylon  
  117  8:43  Photon Cannon  
  117  8:44  Archon, Probe  
  119  8:48  Zealot x2  
  119  8:49  Observer (Chrono Boost)  
  123  8:59  High Templar x2  
  123  9:00  Zealot  
  131  9:03  Warp Prism (Chrono Boost)  
  131  9:04  Archon  
  129  9:15  Stalker x5  
  139  9:26  Nexus  
  139  9:42  Observer (Chrono Boost), Probe  
  139  9:45  Robotics Bay  
  141  9:49  Probe  
  142  9:56  Protoss Ground Weapons Level 3 (Chrono Boost)  
  142  9:59  Stalker x2  
  146  10:00  Stalker  
  146  10:01  Probe  
  146  10:02  Pylon  
  146  10:05  Shield Battery  
  149  10:08  Pylon  
  149  10:09  Robotics Facility, Pylon  
  149  10:17  Probe  
  149  10:20  Stalker x2  
  149  10:21  Stalker x2  
  154  10:22  Stalker  
  150  10:34  Probe  
  121  10:35  Zealot x2  
  121  10:36  Zealot  
  112  10:45  Probe  
  112  10:46  Zealot x5  
  121  10:53  Probe (Chrono Boost)  
  121  10:54  Disruptor x2 (Chrono Boost)  
  124  10:59  Probe (Chrono Boost)  
  124  11:01  Probe (Chrono Boost)  
  126  11:09  Probe (Chrono Boost), Stalker  
  126  11:11  Probe (Chrono Boost)  
  129  11:13  Probe (Chrono Boost)  
  129  11:16  Probe  
  129  11:17  Assimilator  
  131  11:22  Probe x2  
  134  11:27  Disruptor (Chrono Boost)  
  134  11:32  Photon Cannon  
  134  11:34  Dark Shrine, Stalker  
  134  11:37  Probe x2  
  138  11:42  Stalker  
  138  11:43  Probe (Chrono Boost)  
  138  11:45  Probe (Chrono Boost)  
  142  11:48  Disruptor  
  142  11:50  Probe (Chrono Boost)  
  147  11:54  Probe (Chrono Boost)  
  147  11:56  Probe (Chrono Boost)  
  147  11:57  Disruptor, Probe (Chrono Boost)  
  151  12:03  Probe (Chrono Boost)  
  151  12:05  Probe  
  151  12:06  Photon Cannon  
  151  12:07  Photon Cannon  
  152  12:08  Shield Battery  
  150  12:23  Disruptor, Probe x2  
  150  12:25  Unknown  
  150  12:27  Stalker, Photon Cannon  
  150  12:28  Pylon  
  157  12:32  Probe  
  157  12:33  Disruptor, Pylon  
  157  12:34  Probe  
  156  12:40  Protoss Ground Armor Level 1 (Chrono Boost)  
  156  12:42  Stalker x2  
  160  12:55  Probe  
  160  12:56  Probe x2  
  160  12:57  Probe  
  162  12:59  Disruptor  
  162  13:05  Stargate  
  165  13:08  Disruptor  
  165  13:12  Nexus  
  164  13:15  Pylon  
  162  13:24  Gravitic Boosters (Chrono Boost)  
  160  13:28  Zealot x4, Dark Templar x3  
  174  13:35  Disruptor, Photon Cannon  
  174  13:36  Shield Battery  
  177  13:45  Observer  
  177  13:46  Stalker  
  180  13:48  Probe  
  180  13:49  Probe x3  
  184  14:00  Zealot x2, Dark Templar  
  188  14:05  Disruptor, Photon Cannon  
  188  14:07  Photon Cannon, Stalker x2  
  188  14:09  Photon Cannon, Pylon  
  193  14:14  Fleet Beacon  
  191  14:19  Dark Templar  
  191  14:20  Zealot  
  195  14:27  Probe  
  195  14:29  Probe  
  195  14:31  Photon Cannon  
  197  14:38  Observer  
  197  14:45  Observer  
  195  14:46  Zealot x2  
  195  14:47  Zealot x2  
  186  14:53  Stalker x3  
  186  14:55  Mothership (Chrono Boost)  
  186  14:59  Stargate  
  200  15:20  Nexus, Pylon  
  178  15:30  Stalker x8  
  179  15:40  Photon Cannon  
  179  15:41  Photon Cannon  
  179  15:42  Shield Battery, Tempest (Chrono Boost), Photon Cannon  
  189  15:52  Tempest (Chrono Boost)  
  189  15:53  Pylon  
  187  15:59  Photon Cannon  
  187  16:02  Dark Templar x2  
  191  16:11  Stalker x6  
  171  16:30  Disruptor x2  
  157  16:33  Tempest  
  128  16:40  Stalker x3  
  127  16:47  Stalker x5  
  127  16:48  Probe  
  133  17:00  Tempest  
  136  17:06  Disruptor x2  
  141  17:09  Zealot x3  
  141  17:10  Probe (Chrono Boost)  
  141  17:12  Unknown, Probe (Chrono Boost)  
  139  17:18  Probe (Chrono Boost)  
  139  17:19  Probe x2 (Chrono Boost)  
  139  17:21  Probe x2 (Chrono Boost)  
  142  17:27  Assimilator, Tempest  
  142  17:29  Probe (Chrono Boost)  
  150  17:30  Probe (Chrono Boost), Photon Cannon  
  150  17:31  Probe (Chrono Boost)  
  150  17:32  Assimilator, Probe x2 (Chrono Boost)  
  150  17:33  Assimilator  
  150  17:34  Probe (Chrono Boost)  
  150  17:35  Probe x2 (Chrono Boost)  
  154  17:37  Photon Cannon  
  154  17:38  Assimilator  
  154  17:41  Pylon  
  155  17:47  Pylon  
  155  17:48  Probe x2  
  160  17:54  Pylon  
  160  17:57  Pylon  
  160  17:58  Pylon  
Show
View Real Time Build Order
Export as new Build Order

Geralt Protoss - Winner!

Build Orders: Phoenix Opening, Carriers 

Get SALT Encoding   

  12  0:00  Probe  
  13  0:13  Probe  
  14  0:17  Pylon  
  14  0:25  Probe (Chrono Boost)  
  15  0:36  Gateway  
  15  0:37  Probe (Chrono Boost)  
  16  0:43  Probe (Chrono Boost)  
  16  0:46  Assimilator  
  17  0:51  Probe  
  17  0:56  Assimilator  
  18  1:03  Probe (Chrono Boost)  
  19  1:08  Gateway  
  19  1:14  Probe (Chrono Boost)  
  20  1:18  Probe (Chrono Boost)  
  20  1:23  Cybernetics Core  
  21  1:30  Probe  
  21  1:32  Pylon  
  22  1:42  Probe  
  23  1:54  Probe  
  24  1:59  Stalker  
  24  2:00  Warp Gate, Stalker  
  28  2:06  Probe  
  29  2:14  Pylon  
  29  2:18  Probe  
  29  2:21  Pylon  
  30  2:30  Stargate, Probe  
  31  2:42  Probe  
  32  2:54  Probe  
  32  2:56  Shield Battery  
  32  3:06  Probe  
  33  3:12  Phoenix (Chrono Boost)  
  33  3:18  Probe  
  36  3:20  Nexus  
  36  3:28  Pylon  
  36  3:30  Probe  
  37  3:36  Phoenix  
  39  3:47  Probe  
  40  3:50  Forge  
  40  3:59  Probe  
  41  4:04  Pylon  
  41  4:07  Robotics Facility  
  41  4:14  Probe  
  41  4:17  Phoenix  
  41  4:20  Shield Battery  
  43  4:28  Protoss Ground Weapons Level 1  
  44  4:35  Probe x2  
  45  4:46  Adept x2  
  45  4:47  Probe (Chrono Boost)  
  45  4:48  Probe (Chrono Boost)  
  51  4:58  Probe x2 (Chrono Boost)  
  53  5:01  Immortal  
  53  5:03  Probe (Chrono Boost)  
  58  5:08  Probe, Pylon  
  58  5:14  Probe  
  60  5:20  Probe, Pylon  
  61  5:25  Twilight Council  
  61  5:30  Assimilator x2  
  61  5:41  Observer  
  58  5:52  Probe  
  59  6:01  Gateway  
  59  6:02  Immortal (Chrono Boost)  
  63  6:05  Gateway x2  
  63  6:07  Gateway  
  63  6:09  Blink (Chrono Boost), Stalker x2  
  67  6:21  Pylon  
  67  6:32  Immortal (Chrono Boost)  
  67  6:35  Shield Battery, Stalker x2  
  75  6:47  Protoss Ground Weapons Level 2 (Chrono Boost)  
  74  6:59  Pylon  
  74  7:03  Stalker x3  
  74  7:04  Stalker  
  74  7:08  Observer (Chrono Boost), Stalker  
  85  7:28  Probe  
  86  7:40  Warp Prism (Chrono Boost)  
  86  7:41  Nexus  
  86  7:42  Probe  
  86  7:43  Pylon  
  89  7:58  Stalker x2  
  91  8:00  Probe  
  91  8:01  Pylon  
  91  8:02  Probe  
  91  8:04  Robotics Bay  
  95  8:12  Probe  
  96  8:14  Probe  
  96  8:15  Robotics Facility  
  95  8:24  Probe  
  95  8:25  Dark Shrine  
  95  8:26  Probe  
  97  8:36  Probe  
  97  8:37  Shield Battery, Photon Cannon  
  97  8:38  Probe  
  99  8:48  Probe  
  100  8:50  Assimilator x2, Probe  
  100  8:52  Disruptor (Chrono Boost)  
  100  8:54  Observer, Probe  
  102  9:00  Probe  
  107  9:02  Probe  
  107  9:08  Pylon  
  107  9:20  Disruptor (Chrono Boost), Probe  
  107  9:23  Pylon  
  114  9:25  Disruptor (Chrono Boost), Probe  
  114  9:28  Gateway  
  114  9:29  Gateway, Pylon  
  113  9:40  Dark Templar  
  113  9:41  Dark Templar x3  
  121  9:46  Probe  
  122  9:53  Disruptor (Chrono Boost)  
  126  10:01  Disruptor (Chrono Boost)  
  126  10:07  Probe x2  
  127  10:09  Pylon, Charge  
  127  10:10  Pylon  
  127  10:22  Disruptor  
  127  10:24  Dark Templar  
  132  10:28  Dark Templar x3  
  131  10:41  Probe  
  125  10:47  Probe  
  124  10:50  Disruptor  
  121  10:57  Disruptor, Stalker x4  
  121  10:58  Nexus  
  132  11:06  Pylon  
  132  11:10  Probe  
  133  11:11  Unknown  
  133  11:18  Probe  
  134  11:22  Photon Cannon  
  134  11:23  Photon Cannon  
  134  11:25  Shield Battery  
  134  11:26  Disruptor (Chrono Boost)  
  134  11:29  Probe  
  134  11:31  Photon Cannon  
  138  11:32  Photon Cannon  
  138  11:34  Shield Battery  
  138  11:35  Shield Battery, Observer (Chrono Boost)  
  139  11:40  Stalker  
  139  11:41  Stalker x5  
  139  11:43  Protoss Ground Weapons Level 3 (Chrono Boost)  
  151  11:53  Gravitic Boosters  
  151  12:00  Dark Templar  
  153  12:31  Stalker x2  
  153  12:32  Stalker x2  
  156  12:44  Fleet Beacon  
  156  12:47  Stargate  
  156  12:51  Shadow Stride (Chrono Boost)  
  154  12:58  Nexus, Observer (Chrono Boost)  
  156  13:01  Zealot x3, Pylon  
  156  13:02  Zealot x4  
  156  13:05  Assimilator, Observer (Chrono Boost)  
  170  13:08  Assimilator  
  170  13:33  Mothership  
  178  13:45  Disruptor x2  
  169  13:49  Carrier x2  
  181  13:58  Probe  
  181  14:02  Photon Cannon  
  182  14:04  Photon Cannon  
  182  14:06  Observer, Photon Cannon  
  182  14:07  Photon Cannon  
  182  14:10  Shield Battery  
  182  14:12  Shield Battery  
  182  14:14  Shield Battery  
  182  14:15  Pylon  
  180  14:21  Protoss Air Weapons Level 1 (Chrono Boost)  
  180  14:25  Protoss Shields Level 1 (Chrono Boost)  
  180  14:36  Observer  
  179  14:51  Disruptor  
  162  14:53  Carrier (Chrono Boost)  
  162  14:58  Carrier (Chrono Boost)  
  168  15:04  Observer  
  168  15:14  Dark Templar x3  
  168  15:15  Dark Templar x4  
  182  15:26  Observer  
  178  15:55  Carrier (Chrono Boost)  
  184  16:01  Nexus, Carrier (Chrono Boost)  
  184  16:02  Pylon  
  186  16:05  Assimilator  
  186  16:09  Assimilator  
  175  16:31  Stalker x2  
  175  16:32  Stalker x4  
  157  17:24  Stargate  
  157  17:26  Stargate  
  157  17:29  Dark Templar x7  
  171  17:33  Gateway  
  171  17:35  Gateway  
  181  17:38  Gateway  
  181  17:39  Gateway  
  181  17:41  Gateway  
  179  17:47  Gateway x2  

Tags
 
Add a new tag
Caveats
  • Supply blocks, unpowered buildings, or Contaminate may cause inaccurate times.
  • Supply counts are checked every 10 seconds.